 Dungeon Crawl Stone Soup version 0.26-a0-720-g2a1d101370 (webtiles) character file.

Game seed: 11945992497920846602

810 felt the Caller (level 7, 0/84 HPs)
             Began as a Gnoll Wanderer on Nov 3, 2020.
             Was an Initiate of Okawaru.
             Slain by a sky beast (1 damage)
             ... on level 5 of the Dungeon.
             The game lasted 00:18:39 (6513 turns).

felt the Caller (Gnoll Wanderer)                    Turns: 6513, Time: 00:18:40

Health: 0/84       AC: 23    Str: 15    XL:     7   Next: 92%
Magic:  12/13      EV:  2    Int: 22    God:    Okawaru [......]
Gold:   293        SH:  0    Dex: 14    Spells: 10/14 levels left

rFire    + . .     SeeInvis .   a - +2 dagger
rCold    + . .     Faith    .   (no shield)
rNeg     + + +     Spirit   .   (armour currently unavailable)
rPois    +         Reflect  .   (helmet currently unavailable)
rElec    +         Harm     .   (cloak currently unavailable)
rCorr    +         Rampage  .   (gloves currently unavailable)
MR       .....     NoTele   +   (boots currently unavailable)
Stlth    ++........             (no amulet)
HPRegen  0.24/turn              H - +6 ring of intelligence
MPRegen  0.13/turn              (no ring)

@: tree-form, resistant
A: distributed training, strong nose
a: Renounce Religion


You were on level 5 of the Dungeon.
You worshipped Okawaru.
Okawaru was noncommittal.
You were a tree.
You visited 2 branches of the dungeon, and saw 7 of its levels.
You also visited: Sewer.

You collected 293 gold pieces.

Inventory:

Hand Weapons
 a - a +2 dagger (weapon)
 b - a +0 trident
Missiles
 q - 6 boomerangs (quivered)
 r - 29 poisoned darts
 s - 2 javelins
Armour
 B - a +0 ring mail (melded)
 C - a +0 helmet (melded)
Jewellery
 H - a +6 ring of intelligence (left branch)
Wands
 j - a wand of iceblast (10)
 n - a wand of digging (9)
Scrolls
 g - a scroll of vulnerability {unknown}
 h - a scroll of amnesia
 i - 5 scrolls of identify
 l - 2 scrolls of enchant weapon {unknown}
 m - 3 scrolls of teleportation
 o - a scroll of enchant armour {unknown}
 v - 6 scrolls of remove curse
 x - a scroll of fear {unknown}
Potions
 d - a potion of resistance
 f - a potion of haste {unknown}
 p - 2 potions of brilliance
 u - a potion of flight {unknown}
 w - a potion of mutation {unknown}
 z - a potion of magic {unknown}


   Skills:
 + Level 5.4 Fighting
 + Level 3.8 Short Blades
 + Level 2.8 Long Blades
 + Level 2.8 Axes
 + Level 2.8 Maces & Flails
 + Level 2.8 Polearms
 + Level 2.8 Staves
 + Level 2.8 Slings
 + Level 2.8 Bows
 + Level 2.8 Crossbows
 + Level 2.8 Throwing
 + Level 2.8 Armour
 + Level 2.8 Dodging
 + Level 3.7 Stealth
 + Level 3.8 Shields
 + Level 2.8 Unarmed Combat
 + Level 4.0 Spellcasting
 + Level 2.2 Conjurations
 + Level 2.2 Hexes
 + Level 5.9 Summonings
 + Level 2.2 Necromancy
 + Level 2.2 Translocations
 + Level 2.2 Transmutations
 + Level 2.2 Fire Magic
 + Level 2.2 Ice Magic
 + Level 2.2 Air Magic
 + Level 3.1 Earth Magic
 + Level 2.2 Poison Magic
 + Level 3.1 Invocations
 + Level 2.8 Evocations


You had 10 spell levels left.
You knew the following spells:

 Your Spells              Type           Power        Failure   Level
a - Summon Small Mammal   Summ           ####         1%          1
b - Summon Guardian Gole  Hex/Summ       ###.....     6%          3

Your spell library contained the following spells:

 Spells                   Type           Power        Failure   Level


Dungeon Overview and Level Annotations

Branches:
Dungeon (6/15)             Temple (1/1) D:4           Sewer (visited)

Altars:
Ashenzari
Okawaru
Sif Muna
Uskayaw
Xom
Yredelemnul

Shops:
D:4 :

Annotations:
D:3 exclusion: door


Innate Abilities, Weirdness & Mutations

Your experience applies equally to all skills.
((You have very sharp teeth.))
Your uncanny sense of smell can sniff out nearby items.


Message History

The sky beast is severely wounded.
Your bat closely misses the sky beast.
Your quokka barely misses the sky beast.
The sky beast hits you but does no damage.
You completely miss the sky beast.
The sky beast is severely wounded.
Your bat barely misses the sky beast.
Your quokka closely misses the sky beast.
You hit the sky beast but do no damage.
The sky beast is severely wounded.
Your bat closely misses the sky beast.
The sky beast hits you but does no damage.
Your quokka barely misses the sky beast.
You hit the sky beast.
The sky beast is severely wounded.
Your bat hits the sky beast but does no damage.
The sky beast hits you.
* * * LOW HITPOINT WARNING * * *
The sky beast shocks you. You resist.
You die...

.....#......##...#...#####
.....###.#..#...##.### .##..#
#.#......#...#
####.###.#....##...##### #
#...##.......#.....#.####
####...#..###.............# .#
#......# ##............#
.####..#### #..rY........#
..##...#######..♣>.....####
...#......##.....b#....#######
#.....##..........#.......#..#
####.#####..#................#
##....######...............##
##..##..# #...........#.##.#
.#...#..#######.#..##.#######
...<.##...#####.#..#..##
....###..##.#.#.##.....#


You could see a sky beast, a friendly quokka (summoned) and a friendly bat
(summoned).

Vanquished Creatures
  A black bear (D:4)
  Purgy (Sewer)
  An ogre (D:4)
  A howler monkey (D:3)
  3 crimson imps (D:5)
  A bullfrog zombie (D:5)
  A hound (D:4)
  An orc wizard (D:4)
  2 worker ants (D:5)
  6 adders
  2 gnolls (D:3)
  2 ufetubi (D:5)
  An ooze (D:5)
  An adder zombie (D:5)
  4 adder skeletons
  A worm (D:2)
  A dart slug (D:3)
  5 leopard geckos
  10 orcs
  3 giant cockroaches
  8 goblins
  7 hobgoblins
  3 jackals (D:4)
  13 kobolds
  3 quokkas
  4 ball pythons
  9 bats
  A frilled lizard (D:2)
  4 rats
100 creatures vanquished.

Vanquished Creatures (collateral kills)
  A scorpion (D:4)
  An orc wizard (D:4)
  A hound skeleton (D:4)
  2 gnolls
5 creatures vanquished.

Vanquished Creatures (others)
  7 toadstools (D:3)
7 creatures vanquished.

Grand Total: 112 creatures vanquished

Notes
Turn   | Place    | Note
-------+----------+-------------------------------------------
     0 | D:1      | felt the Gnoll Wanderer began the quest for the Orb.
     0 | D:1      | felt set off with the following items: a +2 dagger, a
                  | scroll of blinking, a +0 robe; and the following spell
                  | memorised: Summon Small Mammal; and the following spells
                  | available to memorise: Summon Guardian Golem
     0 | D:1      | Reached XP level 1. HP: 20/20 MP: 4/4
   181 | D:1      | Reached XP level 2. HP: 21/26 MP: 5/5
   919 | D:2      | Reached XP level 3. HP: 24/31 MP: 7/7
  1152 | D:2      | Reached skill level 1 in Invocations
  1560 | D:2      | Reached skill level 1 in Long Blades
  1560 | D:2      | Reached skill level 1 in Axes
  1560 | D:2      | Reached skill level 1 in Maces & Flails
  1560 | D:2      | Reached skill level 1 in Polearms
  1560 | D:2      | Reached skill level 1 in Staves
  1560 | D:2      | Reached skill level 1 in Slings
  1560 | D:2      | Reached skill level 1 in Bows
  1560 | D:2      | Reached skill level 1 in Crossbows
  1560 | D:2      | Reached skill level 1 in Throwing
  1560 | D:2      | Reached skill level 1 in Armour
  1560 | D:2      | Reached skill level 1 in Dodging
  1560 | D:2      | Reached skill level 1 in Unarmed Combat
  1560 | D:2      | Reached skill level 1 in Evocations
  2158 | D:3      | Reached XP level 4. HP: 34/38 MP: 8/8
  2244 | D:3      | Reached skill level 1 in Conjurations
  2244 | D:3      | Reached skill level 1 in Hexes
  2244 | D:3      | Reached skill level 1 in Necromancy
  2244 | D:3      | Reached skill level 1 in Translocations
  2244 | D:3      | Reached skill level 1 in Transmutations
  2244 | D:3      | Reached skill level 1 in Fire Magic
  2244 | D:3      | Reached skill level 1 in Ice Magic
  2244 | D:3      | Reached skill level 1 in Air Magic
  2244 | D:3      | Reached skill level 1 in Poison Magic
  2523 | D:2      | Reached XP level 5. HP: 26/43 MP: 7/9
  3443 | D:4      | Reached XP level 6. HP: 30/50 MP: 6/10
  3791 | D:4      | Found a staircase to the Ecumenical Temple.
  3801 | Temple   | Entered the Ecumenical Temple
  3816 | Temple   | Became a worshipper of Warmaster Okawaru
  4487 | D:4      | Noticed a black bear
  4504 | D:4      | Reached skill level 5 in Fighting
  4522 | D:4      | Killed a black bear
  4730 | D:4      | Learned a level 3 spell: Summon Guardian Golem
  4800 | D:4      | Reached XP level 7. HP: 35/56 MP: 12/12
  4865 | D:4      | Found Atefeum's Book Emporium.
  5030 | D:5      | Entered Level 5 of the Dungeon
  5192 | D:5      | Found a glowing drain.
  5196 | Sewer    | Entered a sewer
  5264 | Sewer    | Noticed Purgy
  5282 | Sewer    | Killed Purgy
  5801 | D:5      | Found a shimmering altar of Xom.
  6495 | D:5      | HP: 2/56 [something (6)]
  6509 | D:5      | HP: 4/84 [sky beast (3)]
  6513 | D:5      | HP: 1/84 [sky beast (1)]
  6513 | D:5      | Slain by a sky beast

Illustrated notes

Levels and vault maps discovered:
D:1:      minmay_arrival_doors, layout_basic, kennysheep_nondescript
D:2:      layout_basic
D:3:      cheibrodos_fertilizer, layout_basic
D:4:      layout_cave_pools, minmay_temple_entry_tees, serial_shops,
          kennysheep_mini_moat, hangedman_glass_teeth
D:5:      layout_cave_pools, gup_sewer_entry_bowl, led_xom_imps
D:6:      layout_loops_ring, nemelex_xobeh_ov_fountains_minmay, basic_altar
Temple:   regret_index_temple_mists

Skill      XL: |  1  2  3  4  5  6  7 |
---------------+----------------------+-----
Earth Magic    | 2 3 |  3.1
Invocations    | 1 2 3 |  3.1
Long Blades    | 1 2 |  2.8
Axes           | 1 2 |  2.8
Maces & Flails | 1 2 |  2.8
Polearms       | 1 2 |  2.8
Staves         | 1 2 |  2.8
Slings         | 1 2 |  2.8
Bows           | 1 2 |  2.8
Crossbows      | 1 2 |  2.8
Throwing       | 1 2 |  2.8
Armour         | 1 2 |  2.8
Dodging        | 1 2 |  2.8
Unarmed Combat | 1 2 |  2.8
Evocations     | 1 2 |  2.8
Spellcasting   | 3 4 |  4.0
Conjurations   | 1 2 |  2.2
Hexes          | 1 2 |  2.2
Necromancy     | 1 2 |  2.2
Translocations | 1 2 |  2.2
Transmutations | 1 2 |  2.2
Fire Magic     | 1 2 |  2.2
Ice Magic      | 1 2 |  2.2
Air Magic      | 1 2 |  2.2
Poison Magic   | 1 2 |  2.2
Short Blades   | 3 |  3.8
Shields        | 3 |  3.8
Stealth        | 3 |  3.7
Fighting       | 5 |  5.4
Summonings     | |  5.9

Action                   |  1- 3 |  4- 6 |  7- 9 || total
-------------------------+-------+-------+-------++-------
Melee: Dagger            |   142 |   235 |   348 ||   725
       Bite              |     8 |    21 |    30 ||    59
       Punch             |     2 |       |     2 ||     4
       Spear             |       |    15 |       ||    15
Throw: Dart              |       |     6 |     8 ||    14
       Boomerang         |       |     1 |    21 ||    22
 Cast: Summon Small Mamm |       |    18 |     8 ||    26
       Summon Guardian G |       |       |     2 ||     2
  Use: Scroll            |       |     7 |     1 ||     8
       Potion            |       |     4 |     3 ||     7
 Stab: Sleeping          |     4 |     1 |     2 ||     7
Armor: Ring mail         |    35 |   104 |   111 ||   250
       Skin              |       |       |    12 ||    12
Dodge: Dodged            |    59 |   125 |   180 ||   364

Table legend: (Time is in decaauts)
 A = Elapsed time spent in this place.
 B = Non-inter-level travel time spent in this place.
 C = Inter-level travel time spent in this place.
 D = Time resting spent in this place.
 E = Time spent auto-exploring this place.
 F = Levels seen in this place.
 G = Mean time per level.
                   A        B        C        D        E       F      G
               +--------+--------+--------+--------+--------+-----+--------+
         Total |   6421 |   6097 |    324 |   1732 |   2804 |   8 |  802.6 |
       Dungeon |   6256 |   5943 |    313 |   1732 |   2745 |   6 | 1042.7 |
        Temple |     31 |     20 |     11 |      0 |     10 |   1 |   31.0 |
         Sewer |    132 |    132 |      0 |      0 |     48 |   1 |  132.0 |
               +--------+--------+--------+--------+--------+-----+--------+

Top non-repeatable levels by time:
     D:3: 1734 daAuts
     D:2: 1458 daAuts
     D:5: 1225 daAuts
     D:4: 981 daAuts
     D:1: 814 daAuts
   Sewer: 132 daAuts
     D:6: 43 daAuts
  Temple: 31 daAuts
